COLORADO Avalanche vs ARIZONA Coyotes

Created - 29 février 2024 at 16:11

Goals
1 2 3 T
COLORADO Avalanche 1 1 1 3
ARIZONA Coyotes 2 1 1 4
Shots
1 2 3 T
COLORADO Avalanche 12 12 9 33
ARIZONA Coyotes 14 8 10 32

1st period

1. ARIZONA Coyotes , Mark Scheifele 8 (Rickard Rakell 21, Ryan Nugent-Hopkins 25) at 0:39
2. ARIZONA Coyotes , Sam Reinhart 23 (Auston Matthews 28, Jonas Siegenthaler 16) at 8:37
3. COLORADO Avalanche , Alex Iafallo 5 (Jason Zucker 14, Oliver Ekman-Larsson 18) at 11:50 (PP)

Penalties :
Jonas Siegenthaler (ARI) for Goalie Interference (Minor) at 3:05, Jordie Benn (COL) for Tripping (Minor) at 5:36, Scott Mayfield (ARI) for Cross-checking (Minor) at 10:31

2nd period

4. COLORADO Avalanche , Jake DeBrusk 15 (Jeff Skinner 23, David Pastrnak 14) at 18:02 (PP)
5. ARIZONA Coyotes , Mark Scheifele 9 (Auston Matthews 29, Scott Mayfield 13) at 19:11 (PP)

Penalties :
Nick Foligno (COL) for Tripping (Minor) at 12:23, Tyson Barrie (COL) for Tripping (Minor) at 14:38, Pierre-Edouard Bellemare (ARI) for Tripping (Minor) at 16:45, Zach Bogosian (COL) for Interference (Minor) at 19:05, Roman Josi (ARI) for Roughing (Minor) at 19:41

3rd period

6. COLORADO Avalanche , Jake DeBrusk 16 (David Pastrnak 15, Jordie Benn 5) at 5:56
7. ARIZONA Coyotes , Mark Scheifele 10 (Jonas Siegenthaler 17, Ryan Nugent-Hopkins 26) at 11:21

Penalties :
Nick Foligno (COL) for Slashing (Minor) at 11:23

Goalie Stats

Jonathan Quick (COL), 28 saves from 32 shots - (0,875), L, 17-15-2, 59:06 minutes
Andrei Vasilevskiy (ARI), 30 saves from 33 shots - (0,909), W, 25-7-2, 60:00 minutes

Players Stats for COLORADO Avalanche

Player Name              G  A  P  +/- PIM S  H  SB GA TA FO     MP     PP MP  PK MP  
------------------------------------------------------------------------------------
Alex Iafallo             1  0  1   0  0   3  0  1  0  0  0/0    12:13   1:37   0:00 
Craig Smith              0  0  0  -1  0   1  1  0  0  0  1/10    4:19   0:00   0:00 
David Pastrnak           0  2  2   1  0   4  2  0  0  0  1/2    19:24   3:39   0:00 
Jake DeBrusk             2  0  2   1  0   5  0  0  0  0  1/4    24:52   3:39   5:28 
Jason Zucker             0  1  1  -2  0   0  3  0  0  0  0/2    20:13   2:55   2:34 
Jeff Skinner             0  1  1   1  0   4  4  0  0  0  15/38  26:10   4:57   5:28 
Jordan Eberle            0  0  0   0  0   2  2  0  0  0  0/0    10:33   0:00   0:00 
Jordie Benn              0  1  1   1  2   1  2  0  0  0  0/0    13:31   0:00   0:00 
Kris Russell             0  0  0   1  0   0  0  1  0  0  0/0    14:16   0:00   0:52 
Mark Pysyk               0  0  0  -2  0   0  3  1  0  0  0/0    21:10   3:07   3:14 
Nick Foligno             0  0  0  -1  4   3  6  0  0  0  4/14   14:53   0:00   0:00 
Oliver Ekman-Larsson     0  1  1  -1  0   3  3  1  0  0  0/0    25:45   3:27   5:15 
Tomas Nosek              0  0  0  -2  0   0  2  0  0  0  0/0    14:44   0:00   0:00 
Trevor Zegras            0  0  0  -2  0   2  0  0  0  0  7/20   20:16   2:55   2:34 
Tyler Johnson            0  0  0   0  0   0  0  0  0  0  0/0     0:00   0:00   0:00 
Tyson Barrie             0  0  0  -1  2   4  1  1  0  0  0/0    24:33   3:27   3:56 
Zach Aston-Reese         0  0  0  -1  0   1  0  0  0  0  0/0     4:19   0:00   0:00 
Zach Bogosian            0  0  0  -2  2   0  2  3  0  0  0/0    20:42   3:07   2:47 

Players Stats for ARIZONA Coyotes

Player Name              G  A  P  +/- PIM S  H  SB GA TA FO     MP     PP MP  PK MP  
------------------------------------------------------------------------------------
Alec Martinez            0  0  0   3  0   1  7  0  0  0  0/0    21:32   0:00   4:50 
Artemi Panarin           0  0  0   1  0   1  5  1  0  0  4/5    23:18   4:59   0:00 
Auston Matthews          0  2  2   1  0   4  2  0  0  0  21/34  23:29   4:59   0:11 
Brandon Sutter           0  0  0   0  0   0  0  0  0  0  8/13    9:47   0:00   5:02 
Frederick Gaudreau       0  0  0   0  0   1  0  0  0  0  10/13  10:07   0:00   2:05 
Jonas Siegenthaler       0  2  2   3  2   0  4  2  0  0  0/0    17:51   0:00   1:10 
Mark Scheifele           3  0  3   1  0   5  0  0  0  0  11/15  19:17   4:59   0:00 
Michael Bunting          0  0  0   0  0   0  1  0  0  0  0/1    11:34   3:32   0:00 
Mikey Anderson           0  0  0   0  0   0  1  1  0  0  0/0     9:51   0:00   0:00 
Morgan Frost             0  0  0   0  0   0  2  0  0  0  1/1     4:45   0:00   0:00 
Pierre-Edouard Bellemare 0  0  0   0  2   1  1  0  0  0  0/0     5:28   0:00   0:44 
Rickard Rakell           0  1  1   1  0   3  0  0  0  0  0/1    17:53   3:03   0:32 
Roman Josi               0  0  0  -1  2   2  2  4  0  0  0/0    23:20   4:30   0:00 
Ryan Hartman             0  0  0   0  0   2  3  0  0  0  1/1    11:05   3:03   0:00 
Ryan Nugent-Hopkins      0  2  2   1  0   4  2  1  0  0  0/0    23:22   4:30   4:34 
Sam Reinhart             1  0  1   1  0   3  0  0  0  0  5/6    21:22   3:03   0:00 
Scott Mayfield           0  1  1   0  2   2  1  0  0  0  0/0    16:07   3:32   2:45 
Vladislav Gavrikov       0  0  0  -1  0   3  3  5  0  0  0/0    23:14   0:00   4:23 

3 Stars

1 - Mark Scheifele (ARI)
2 - Jake DeBrusk (COL)
3 - Jonas Siegenthaler (ARI)

Power Play

COLORADO Avalanche - 2 on 4 Attempt(s) - 50,00%
ARIZONA Coyotes - 1 on 5 Attempt(s) - 20,00%

Penalty Kill

COLORADO Avalanche - 4 on 5 Attempt(s) - 80,00% - Score 0 goal in Penalty Kill
ARIZONA Coyotes - 2 on 4 Attempt(s) - 50,00% - Score 0 goal in Penalty Kill

Team Stat

COLORADO Avalanche - Hits : 31 - Faceoff Wins : 29 - Blocked Shots : 8 - Penalty Minutes : 10
ARIZONA Coyotes - Hits : 34 - Faceoff Wins : 61 - Blocked Shots : 14 - Penalty Minutes : 8

Official

Referees : Kyle Rehman and Lacey Senuk
Linesman : Kyle Flemington and Ryan Daisy

Game Notes

Mark Scheifele has scored a Hat Trick!

Finance

Level 1 -- Attendance: 6248 (89,26%) -- Ticket Income $587,312
Level 2 -- Attendance: 4765 (79,42%) -- Ticket Income $257,310
Level 3 -- Attendance: 2464 (61,60%) -- Ticket Income $59,136
Level 4 -- Attendance: 4334 (72,23%) -- Ticket Income $60,676
Luxury Box -- Attendance: 1000 (100,00%) -- Ticket Income $154,000
Game was played at the Gila River Arena.
Total Attendance: 18811 (78,38%)
Total Ticket Income: $1,118,434
Other Income: $279,608
Total Income: $1,398,042

COLORADO Avalanche

5 vs 5 Forward 
   Center                   Left Wing                Right Wing               Time % Phy DF OF 
 1 Jeff Skinner             Jake DeBrusk             David Pastrnak           40     1   2  2  
 2 Trevor Zegras            Tomas Nosek              Jason Zucker             30     1   2  2  
 3 Nick Foligno             Alex Iafallo             Jordan Eberle            20     1   2  2  
 4 Craig Smith              Zach Aston-Reese         Nick Foligno             10     1   2  2  

5 vs 5 Defense 
   Defense                  Defense                                           Time % Phy DF OF 
 1 Tyson Barrie             Oliver Ekman-Larsson                              40     1   2  2  
 2 Zach Bogosian            Mark Pysyk                                        30     1   2  2  
 3 Kris Russell             Jordie Benn                                       20     1   2  2  
 4 Tyson Barrie             Oliver Ekman-Larsson                              10     1   2  2  

PowerPlay Forward 
   Center                   Left Wing                Right Wing               Time % Phy DF OF 
 1 Jeff Skinner             Jake DeBrusk             David Pastrnak           60     1   2  2  
 2 Trevor Zegras            Jason Zucker             Jeff Skinner             40     1   2  2  

PowerPlay Defense
   Defense                  Defense                                           Time % Phy DF OF 
 1 Tyson Barrie             Oliver Ekman-Larsson                              60     1   2  2  
 2 Zach Bogosian            Mark Pysyk                                        40     1   2  2  

Penalty Kill 4 Players Forward 
   Center                   Wing                     Time % Phy DF OF 
 1 Jeff Skinner             Jake DeBrusk             60     1   2  2  
 2 Trevor Zegras            Jason Zucker             40     1   2  2  

Penalty Kill 4 Players Defense
   Defense                  Defense                  Time % Phy DF OF 
 1 Tyson Barrie             Oliver Ekman-Larsson     60     1   2  2  
 2 Zach Bogosian            Mark Pysyk               40     1   2  2  

Penalty Kill - 3 Players Forward 
   Forward                                           Time % Phy DF OF 
 1 Jeff Skinner                                      60     1   2  2  
 2 Trevor Zegras                                     40     1   2  2  

Penalty Kill - 3 Players Defense
   Defense                  Defense                  Time % Phy DF OF 
 1 Tyson Barrie             Oliver Ekman-Larsson     60     1   2  2  
 2 Zach Bogosian            Mark Pysyk               40     1   2  2  

4 vs 4 Forward 
   Center                   Wing                     Time % Phy DF OF 
 1 Jeff Skinner             Jake DeBrusk             60     1   2  2  
 2 Trevor Zegras            Jason Zucker             40     1   2  2  

4 vs 4 Defense
   Defense                  Defense                  Time % Phy DF OF 
 1 Tyson Barrie             Oliver Ekman-Larsson     60     1   2  2  
 2 Zach Bogosian            Mark Pysyk               40     1   2  2  

Last Minutes Offensive
   Center                   Left Wing                Right Wing               Defense                  Defense                  
   Jeff Skinner             Jake DeBrusk             David Pastrnak           Tyson Barrie             Oliver Ekman-Larsson     

Last Minutes Defensive
   Center                   Left Wing                Right Wing               Defense                  Defense                  
   Jeff Skinner             Jake DeBrusk             David Pastrnak           Tyson Barrie             Oliver Ekman-Larsson     

Goaltenders
Starting : Jonathan Quick           
Backup : Magnus Hellberg          

Extra Forwards
Normal : Jason Zucker, Alex Iafallo, Trevor Zegras - PP : Jason Zucker, Alex Iafallo - PK : Jason Zucker
Extra Defensemen
Normal : Mark Pysyk, Kris Russell, Jordie Benn - PP : Mark Pysyk - PK : Mark Pysyk, Kris Russell
Penalty Shots
David Pastrnak, Jeff Skinner, Jake DeBrusk, Jordan Eberle, Jason Zucker

Scratches
None

ARIZONA Coyotes

5 vs 5 Forward 
   Center                   Left Wing                Right Wing               Time % Phy DF OF 
 1 Auston Matthews          Artemi Panarin           Sam Reinhart             52     1   1  3  
 2 Mark Scheifele           Ryan Nugent-Hopkins      Rickard Rakell           40     1   1  3  
 3 Frederick Gaudreau       Michael Bunting          Ryan Hartman             8      1   2  2  
 4 Brandon Sutter           Morgan Frost             Pierre-Edouard Bellemare 0      1   3  1  

5 vs 5 Defense 
   Defense                  Defense                                           Time % Phy DF OF 
 1 Roman Josi               Vladislav Gavrikov                                50     1   2  2  
 2 Alec Martinez            Jonas Siegenthaler                                30     1   2  2  
 3 Scott Mayfield           Mikey Anderson                                    20     1   2  2  
 4 Roman Josi               Scott Mayfield                                    0      1   2  2  

PowerPlay Forward 
   Center                   Left Wing                Right Wing               Time % Phy DF OF 
 1 Auston Matthews          Mark Scheifele           Artemi Panarin           80     0   1  4  
 2 Sam Reinhart             Rickard Rakell           Ryan Hartman             20     1   1  3  

PowerPlay Defense
   Defense                  Defense                                           Time % Phy DF OF 
 1 Roman Josi               Ryan Nugent-Hopkins                               80     0   2  3  
 2 Scott Mayfield           Michael Bunting                                   20     1   2  2  

Penalty Kill 4 Players Forward 
   Center                   Wing                     Time % Phy DF OF 
 1 Brandon Sutter           Ryan Nugent-Hopkins      70     1   3  1  
 2 Frederick Gaudreau       Pierre-Edouard Bellemare 30     1   4  0  

Penalty Kill 4 Players Defense
   Defense                  Defense                  Time % Phy DF OF 
 1 Vladislav Gavrikov       Alec Martinez            69     1   3  1  
 2 Scott Mayfield           Jonas Siegenthaler       31     2   3  0  

Penalty Kill - 3 Players Forward 
   Forward                                           Time % Phy DF OF 
 1 Brandon Sutter                                    60     1   4  0  
 2 Frederick Gaudreau                                40     1   3  1  

Penalty Kill - 3 Players Defense
   Defense                  Defense                  Time % Phy DF OF 
 1 Scott Mayfield           Alec Martinez            60     2   3  0  
 2 Scott Mayfield           Jonas Siegenthaler       40     2   3  0  

4 vs 4 Forward 
   Center                   Wing                     Time % Phy DF OF 
 1 Auston Matthews          Artemi Panarin           60     1   2  2  
 2 Mark Scheifele           Ryan Nugent-Hopkins      40     1   2  2  

4 vs 4 Defense
   Defense                  Defense                  Time % Phy DF OF 
 1 Roman Josi               Scott Mayfield           60     1   2  2  
 2 Alec Martinez            Jonas Siegenthaler       40     1   2  2  

Last Minutes Offensive
   Center                   Left Wing                Right Wing               Defense                  Defense                  
   Auston Matthews          Artemi Panarin           Sam Reinhart             Roman Josi               Ryan Nugent-Hopkins      

Last Minutes Defensive
   Center                   Left Wing                Right Wing               Defense                  Defense                  
   Brandon Sutter           Frederick Gaudreau       Pierre-Edouard Bellemare Vladislav Gavrikov       Alec Martinez            

Goaltenders
Starting : Andrei Vasilevskiy       
Backup : Kevin Lankinen           

Extra Forwards
Normal : Michael Bunting, Artemi Panarin, Frederick Gaudreau - PP : Michael Bunting, Artemi Panarin - PK : Frederick Gaudreau
Extra Defensemen
Normal : Mikey Anderson, Vladislav Gavrikov, Alec Martinez - PP : Mikey Anderson - PK : Vladislav Gavrikov, Alec Martinez
Penalty Shots
Auston Matthews, Ryan Nugent-Hopkins, Mark Scheifele, Sam Reinhart, Rickard Rakell

Scratches
Nick Bonino (Healthy)

% Time on Ice - COLORADO Avalanche

Lines # - Real PCT - Wanted PCT - Time Play
Normal Forward
1 - 34% - 40% - 15:31
2 - 33% - 30% - 14:44
3 - 23% - 20% - 10:33
4 - 10% - 10% - 4:19
Normal Defense
1 - 37% - 40% - 16:35
2 - 33% - 30% - 14:49
3 - 30% - 20% - 13:21
4 - 1% - 10% - 0:22
PP Forward
1 - 56% - 60% - 3:39
2 - 44% - 40% - 2:55
PP Defense
1 - 53% - 60% - 3:27
2 - 47% - 40% - 3:07
PK Forward
1 - 68% - 60% - 5:28
2 - 32% - 40% - 2:34
PK Defense
1 - 74% - 60% - 5:55
2 - 26% - 40% - 2:07
PK3 Forward
1 - 0% - 60%
2 - 0% - 40%
PK3 Defense
1 - 0% - 60%
2 - 0% - 40%
44 Forward
1 - 0% - 60%
2 - 0% - 40%
44 Defense
1 - 0% - 60%
2 - 0% - 40%
Last Minute Offensive  - 0:17
Last Minute Defensive  - 0:00
Total
Forward - 60:00
Defense - 60:00

% Time on Ice - ARIZONA Coyotes

Lines # - Real PCT - Wanted PCT - Time Play
Normal Forward
1 - 40% - 52% - 18:19
2 - 31% - 40% - 14:18
3 - 18% - 8% - 8:02
4 - 10% - 0% - 4:45
Normal Defense
1 - 42% - 50% - 18:51
2 - 37% - 30% - 16:42
3 - 22% - 20% - 9:51
4 - 0% - 0% - 0:00
PP Forward
1 - 62% - 80% - 4:59
2 - 38% - 20% - 3:03
PP Defense
1 - 56% - 80% - 4:30
2 - 44% - 20% - 3:32
PK Forward
1 - 89% - 70% - 5:50
2 - 11% - 30% - 0:44
PK Defense
1 - 58% - 69% - 3:49
2 - 42% - 31% - 2:45
PK3 Forward
1 - 0% - 60%
2 - 0% - 40%
PK3 Defense
1 - 0% - 60%
2 - 0% - 40%
44 Forward
1 - 0% - 60%
2 - 0% - 40%
44 Defense
1 - 0% - 60%
2 - 0% - 40%
Last Minute Offensive  - 0:00
Last Minute Defensive  - 0:00
Total
Forward - 60:00
Defense - 60:00

Play-by-Play

1st period


0:01 of 1st period - David Pastrnak wins face-off versus Sam Reinhart in neutral zone.
0:03 of 1st period - Jake DeBrusk is hit by Roman Josi.
0:09 of 1st period - Shot by Tyson Barrie.
0:09 of 1st period - Stopped by Andrei Vasilevskiy without a rebound.
0:10 of 1st period - Mark Scheifele wins face-off versus Jason Zucker in ARIZONA Coyotes zone.
0:26 of 1st period - Tomas Nosek is hit by Ryan Nugent-Hopkins and loses puck.
0:39 of 1st period - Shot by Mark Scheifele.
0:39 of 1st period - Goal by Mark Scheifele - COLORADO Avalanche : 0 - ARIZONA Coyotes : 1.
0:40 of 1st period - Artemi Panarin wins face-off versus Nick Foligno in neutral zone.
1:04 of 1st period - Shot by Alex Iafallo.
1:04 of 1st period - Stopped by Andrei Vasilevskiy without a rebound.
1:05 of 1st period - Frederick Gaudreau wins face-off versus Jeff Skinner in ARIZONA Coyotes zone.
1:10 of 1st period - Tyson Barrie is hit by Ryan Hartman and loses puck.
1:33 of 1st period - Shot by Scott Mayfield.
1:33 of 1st period - Shot Misses the Net.
1:35 of 1st period - Shot by Michael Bunting.
1:35 of 1st period - Shot Misses the Net.
2:12 of 1st period - Auston Matthews is hit by Zach Bogosian and loses puck.
2:17 of 1st period - Shot by Auston Matthews.
2:17 of 1st period - Stopped by Jonathan Quick with a rebound.
2:19 of 1st period - Shot by Vladislav Gavrikov.
2:19 of 1st period - Stopped by Jonathan Quick with a rebound.
2:25 of 1st period - Shot by Sam Reinhart.
2:25 of 1st period - Shot Blocked by Zach Bogosian.
2:33 of 1st period - Icing by Mark Pysyk.
2:34 of 1st period - Mark Scheifele wins face-off versus Craig Smith in COLORADO Avalanche zone.
2:34 of 1st period - Mark Scheifele is hit by Mark Pysyk.
2:36 of 1st period - Shot by Ryan Nugent-Hopkins.
2:36 of 1st period - Stopped by Jonathan Quick without a rebound.
2:37 of 1st period - Trevor Zegras wins face-off versus Mark Scheifele in COLORADO Avalanche zone.
2:51 of 1st period - Jason Zucker is hit by Jonas Siegenthaler and loses puck.
3:05 of 1st period - Minor Penalty to Jonas Siegenthaler for Goalie Interference.
3:06 of 1st period - Jeff Skinner wins face-off versus Brandon Sutter in ARIZONA Coyotes zone.
3:34 of 1st period - Icing by Jeff Skinner.
3:35 of 1st period - Jeff Skinner wins face-off versus Brandon Sutter in COLORADO Avalanche zone.
4:08 of 1st period - Shot by Trevor Zegras.
4:08 of 1st period - Stopped by Andrei Vasilevskiy without a rebound.
4:09 of 1st period - Frederick Gaudreau wins face-off versus Trevor Zegras in ARIZONA Coyotes zone.
5:05 of 1st period - Shot by Alex Iafallo.
5:05 of 1st period - Shot Misses the Net.
5:13 of 1st period - Shot by Zach Aston-Reese.
5:13 of 1st period - Shot Blocked by Vladislav Gavrikov.
5:15 of 1st period - Shot by Zach Aston-Reese.
5:15 of 1st period - Stopped by Andrei Vasilevskiy without a rebound.
5:16 of 1st period - Auston Matthews wins face-off versus Nick Foligno in ARIZONA Coyotes zone.
5:35 of 1st period - Shot by Roman Josi.
5:35 of 1st period - Shot Misses the Net.
5:36 of 1st period - Minor Penalty to Jordie Benn for Tripping.
5:37 of 1st period - Auston Matthews wins face-off versus Jeff Skinner in COLORADO Avalanche zone.
5:40 of 1st period - Shot by Roman Josi.
5:40 of 1st period - Stopped by Jonathan Quick without a rebound.
5:41 of 1st period - Jeff Skinner wins face-off versus Auston Matthews in COLORADO Avalanche zone.
6:14 of 1st period - Icing by Roman Josi.
6:15 of 1st period - Auston Matthews wins face-off versus Trevor Zegras in ARIZONA Coyotes zone.
6:20 of 1st period - Shot by Ryan Nugent-Hopkins.
6:20 of 1st period - Shot Misses the Net.
6:22 of 1st period - Shot by Ryan Nugent-Hopkins.
6:22 of 1st period - Shot Misses the Net.
6:24 of 1st period - Shot by Ryan Nugent-Hopkins.
6:24 of 1st period - Stopped by Jonathan Quick with a rebound.
6:26 of 1st period - Shot by Roman Josi.
6:26 of 1st period - Shot Misses the Net.
6:28 of 1st period - Shot by Auston Matthews.
6:28 of 1st period - Shot Misses the Net.
6:30 of 1st period - Shot by Roman Josi.
6:30 of 1st period - Shot Misses the Net.
6:32 of 1st period - Shot by Ryan Nugent-Hopkins.
6:32 of 1st period - Stopped by Jonathan Quick without a rebound.
6:33 of 1st period - Sam Reinhart wins face-off versus Jeff Skinner in COLORADO Avalanche zone.
6:34 of 1st period - Shot by Rickard Rakell.
6:34 of 1st period - Stopped by Jonathan Quick without a rebound.
6:35 of 1st period - Sam Reinhart wins face-off versus Jeff Skinner in COLORADO Avalanche zone.
6:40 of 1st period - Shot by Scott Mayfield.
6:40 of 1st period - Stopped by Jonathan Quick without a rebound.
6:41 of 1st period - Sam Reinhart wins face-off versus Jeff Skinner in COLORADO Avalanche zone.
6:53 of 1st period - Off-side.
6:54 of 1st period - Auston Matthews wins face-off versus Jake DeBrusk in neutral zone.
7:49 of 1st period - Mark Pysyk is hit by Morgan Frost and loses puck.
8:09 of 1st period - Icing by Roman Josi.
8:10 of 1st period - Brandon Sutter wins face-off versus Nick Foligno in ARIZONA Coyotes zone.
8:10 of 1st period - Brandon Sutter is hit by Nick Foligno.
8:29 of 1st period - Shot by Alex Iafallo.
8:29 of 1st period - Stopped by Andrei Vasilevskiy without a rebound.
8:30 of 1st period - Craig Smith wins face-off versus Auston Matthews in ARIZONA Coyotes zone.
8:37 of 1st period - Shot by Auston Matthews.
8:37 of 1st period - Deflect By Sam Reinhart.
8:37 of 1st period - Goal by Sam Reinhart - COLORADO Avalanche : 0 - ARIZONA Coyotes : 2.
8:38 of 1st period - Auston Matthews wins face-off versus Trevor Zegras in neutral zone.
8:48 of 1st period - Trevor Zegras is hit by Jonas Siegenthaler and loses puck.
8:53 of 1st period - Shot by Jason Zucker.
8:53 of 1st period - Deflect By Trevor Zegras.
8:53 of 1st period - Stopped by Andrei Vasilevskiy with a rebound.
9:58 of 1st period - Shot by Jeff Skinner.
9:58 of 1st period - Stopped by Andrei Vasilevskiy without a rebound.
9:59 of 1st period - Nick Foligno wins face-off versus Frederick Gaudreau in ARIZONA Coyotes zone.
10:09 of 1st period - Alex Iafallo is hit by Scott Mayfield and loses puck.
10:31 of 1st period - Minor Penalty to Scott Mayfield for Cross-checking.
10:32 of 1st period - Jeff Skinner wins face-off versus Brandon Sutter in ARIZONA Coyotes zone.
10:41 of 1st period - Shot by Jake DeBrusk.
10:41 of 1st period - Shot Misses the Net.
10:43 of 1st period - Shot by David Pastrnak.
10:43 of 1st period - Shot Blocked by Vladislav Gavrikov.
10:45 of 1st period - Shot by Zach Bogosian.
10:45 of 1st period - Shot Blocked by Vladislav Gavrikov.
10:49 of 1st period - Shot by David Pastrnak.
10:49 of 1st period - Shot Misses the Net.
10:51 of 1st period - Shot by Mark Pysyk.
10:51 of 1st period - Shot Misses the Net.
11:29 of 1st period - Trevor Zegras is hit by Vladislav Gavrikov and loses puck.
11:32 of 1st period - Shot by Tyson Barrie.
11:32 of 1st period - Shot Misses the Net.
11:34 of 1st period - Shot by Oliver Ekman-Larsson.
11:34 of 1st period - Stopped by Andrei Vasilevskiy with a rebound.
11:36 of 1st period - Shot by Oliver Ekman-Larsson.
11:36 of 1st period - Shot Blocked by Vladislav Gavrikov.
11:38 of 1st period - Shot by Oliver Ekman-Larsson.
11:38 of 1st period - Shot Misses the Net.
11:46 of 1st period - Shot by Jason Zucker.
11:46 of 1st period - Shot Misses the Net.
11:48 of 1st period - Shot by Jason Zucker.
11:48 of 1st period - Shot Misses the Net.
11:50 of 1st period - Shot by Alex Iafallo.
11:50 of 1st period - Goal by Alex Iafallo - COLORADO Avalanche : 1 - ARIZONA Coyotes : 2.
11:51 of 1st period - Artemi Panarin wins face-off versus Craig Smith in neutral zone.
11:55 of 1st period - Scott Mayfield is hit by Jordie Benn and loses puck.
12:12 of 1st period - Icing by Scott Mayfield.
12:13 of 1st period - Jeff Skinner wins face-off versus Auston Matthews in ARIZONA Coyotes zone.
12:14 of 1st period - Shot by Jake DeBrusk.
12:14 of 1st period - Shot Blocked by Artemi Panarin.
12:21 of 1st period - Auston Matthews is hit by Oliver Ekman-Larsson and loses puck.
12:27 of 1st period - Sam Reinhart is hit by Oliver Ekman-Larsson and loses puck.
12:43 of 1st period - Mikey Anderson is hit by David Pastrnak and loses puck.
13:16 of 1st period - Shot by Ryan Hartman.
13:16 of 1st period - Stopped by Jonathan Quick with a rebound.
13:18 of 1st period - Shot by Ryan Hartman.
13:18 of 1st period - Shot Blocked by Zach Bogosian.
13:27 of 1st period - Frederick Gaudreau is hit by Zach Bogosian.
13:31 of 1st period - Shot by Michael Bunting.
13:31 of 1st period - Shot Blocked by Zach Bogosian.
14:53 of 1st period - Shot by Morgan Frost.
14:53 of 1st period - Shot Misses the Net.
14:57 of 1st period - Shot by Pierre-Edouard Bellemare.
14:57 of 1st period - Stopped by Jonathan Quick without a rebound.
14:58 of 1st period - Trevor Zegras wins face-off versus Auston Matthews in COLORADO Avalanche zone.
14:58 of 1st period - Trevor Zegras is hit by Auston Matthews.
15:01 of 1st period - Tomas Nosek is hit by Artemi Panarin and loses puck.
16:05 of 1st period - Icing by Mikey Anderson.
16:06 of 1st period - Frederick Gaudreau wins face-off versus Nick Foligno in ARIZONA Coyotes zone.
16:06 of 1st period - Frederick Gaudreau is hit by Jordan Eberle.
16:12 of 1st period - Frederick Gaudreau is hit by Nick Foligno and loses puck.
16:17 of 1st period - Shot by Jordan Eberle.
16:17 of 1st period - Shot Misses the Net.
16:33 of 1st period - Shot by Nick Foligno.
16:33 of 1st period - Shot Misses the Net.
16:35 of 1st period - Shot by Jordie Benn.
16:35 of 1st period - Stopped by Andrei Vasilevskiy with a rebound.
16:40 of 1st period - Icing by Mikey Anderson.
16:41 of 1st period - Frederick Gaudreau wins face-off versus Jeff Skinner in ARIZONA Coyotes zone.
16:46 of 1st period - Shot by Jake DeBrusk.
16:46 of 1st period - Shot Blocked by Mikey Anderson.
18:42 of 1st period - Shot by Nick Foligno.
18:42 of 1st period - Stopped by Andrei Vasilevskiy without a rebound.
18:43 of 1st period - Auston Matthews wins face-off versus Craig Smith in ARIZONA Coyotes zone.
18:52 of 1st period - Shot by Auston Matthews.
18:52 of 1st period - Stopped by Jonathan Quick with a rebound.
18:54 of 1st period - Shot by Artemi Panarin.
18:54 of 1st period - Stopped by Jonathan Quick without a rebound.
18:55 of 1st period - Jake DeBrusk wins face-off versus Auston Matthews in COLORADO Avalanche zone.
19:26 of 1st period - Shot by David Pastrnak.
19:26 of 1st period - Stopped by Andrei Vasilevskiy without a rebound.
19:27 of 1st period - Morgan Frost wins face-off versus Trevor Zegras in ARIZONA Coyotes zone.
19:50 of 1st period - Mikey Anderson is hit by Tomas Nosek.
Goals for this period are 1 for COLORADO Avalanche vs 2 for ARIZONA Coyotes.
Shots for this period are 12 for COLORADO Avalanche vs 14 for ARIZONA Coyotes.

2nd period


0:01 of 2nd period - Auston Matthews wins face-off versus Jeff Skinner in neutral zone.
0:09 of 2nd period - Shot by Auston Matthews.
0:09 of 2nd period - Shot Misses the Net.
0:11 of 2nd period - Shot by Vladislav Gavrikov.
0:11 of 2nd period - Stopped by Jonathan Quick without a rebound.
0:12 of 2nd period - Trevor Zegras wins face-off versus Mark Scheifele in COLORADO Avalanche zone.
0:17 of 2nd period - Ryan Nugent-Hopkins is hit by Tomas Nosek and loses puck.
0:48 of 2nd period - Mark Scheifele is hit by Mark Pysyk and loses puck.
1:38 of 2nd period - Auston Matthews is hit by Tyson Barrie and loses puck.
1:57 of 2nd period - Jordan Eberle is hit by Alec Martinez and loses puck.
2:06 of 2nd period - Shot by Alex Iafallo.
2:06 of 2nd period - Shot Misses the Net.
2:13 of 2nd period - Icing by Alec Martinez.
2:14 of 2nd period - Trevor Zegras wins face-off versus Auston Matthews in ARIZONA Coyotes zone.
2:20 of 2nd period - Tomas Nosek is hit by Alec Martinez and loses puck.
3:00 of 2nd period - Icing by Sam Reinhart.
3:01 of 2nd period - Artemi Panarin wins face-off versus Jeff Skinner in ARIZONA Coyotes zone.
3:01 of 2nd period - Sam Reinhart is hit by Jeff Skinner and loses puck.
4:02 of 2nd period - Rickard Rakell is hit by Jordan Eberle and loses puck.
5:09 of 2nd period - Mark Pysyk is hit by Michael Bunting.
5:12 of 2nd period - Off-side.
5:13 of 2nd period - Brandon Sutter wins face-off versus Jeff Skinner in neutral zone.
5:13 of 2nd period - Mikey Anderson is hit by Jeff Skinner and loses puck.
5:21 of 2nd period - Icing by Jeff Skinner.
5:22 of 2nd period - Frederick Gaudreau wins face-off versus David Pastrnak in COLORADO Avalanche zone.
5:36 of 2nd period - Tyson Barrie is hit by Mikey Anderson and loses puck.
5:39 of 2nd period - Shot by Jeff Skinner.
5:39 of 2nd period - Shot Misses the Net.
5:47 of 2nd period - Shot by Oliver Ekman-Larsson.
5:47 of 2nd period - Stopped by Andrei Vasilevskiy without a rebound.
5:48 of 2nd period - Trevor Zegras wins face-off versus Rickard Rakell in ARIZONA Coyotes zone.
5:55 of 2nd period - Shot by Tomas Nosek.
5:55 of 2nd period - Shot Blocked by Roman Josi.
6:40 of 2nd period - Icing by Trevor Zegras.
6:41 of 2nd period - Brandon Sutter wins face-off versus Trevor Zegras in COLORADO Avalanche zone.
6:54 of 2nd period - Shot by Pierre-Edouard Bellemare.
6:54 of 2nd period - Shot Blocked by Mark Pysyk.
7:23 of 2nd period - Trevor Zegras is hit by Pierre-Edouard Bellemare and loses puck.
7:40 of 2nd period - Zach Bogosian is hit by Artemi Panarin and loses puck.
8:30 of 2nd period - Shot by Jeff Skinner.
8:30 of 2nd period - Shot Misses the Net.
8:32 of 2nd period - Shot by Jake DeBrusk.
8:32 of 2nd period - Stopped by Andrei Vasilevskiy without a rebound.
8:33 of 2nd period - Mark Scheifele wins face-off versus Craig Smith in ARIZONA Coyotes zone.
8:57 of 2nd period - Shot by Craig Smith.
8:57 of 2nd period - Stopped by Andrei Vasilevskiy without a rebound.
8:58 of 2nd period - Frederick Gaudreau wins face-off versus Nick Foligno in ARIZONA Coyotes zone.
9:09 of 2nd period - Shot by Nick Foligno.
9:09 of 2nd period - Stopped by Andrei Vasilevskiy with a rebound.
9:19 of 2nd period - Shot by Oliver Ekman-Larsson.
9:19 of 2nd period - Stopped by Andrei Vasilevskiy without a rebound.
9:20 of 2nd period - Mark Scheifele wins face-off versus Jeff Skinner in ARIZONA Coyotes zone.
9:37 of 2nd period - Shot by Mark Scheifele.
9:37 of 2nd period - Shot Misses the Net.
9:56 of 2nd period - Shot by Mark Scheifele.
9:56 of 2nd period - Shot Blocked by Kris Russell.
10:37 of 2nd period - Shot by Tyson Barrie.
10:37 of 2nd period - Stopped by Andrei Vasilevskiy without a rebound.
10:38 of 2nd period - Auston Matthews wins face-off versus Trevor Zegras in ARIZONA Coyotes zone.
10:40 of 2nd period - Icing by Sam Reinhart.
10:41 of 2nd period - Auston Matthews wins face-off versus Trevor Zegras in ARIZONA Coyotes zone.
11:03 of 2nd period - Icing by Jonas Siegenthaler.
11:04 of 2nd period - Artemi Panarin wins face-off versus Jeff Skinner in ARIZONA Coyotes zone.
11:27 of 2nd period - Sam Reinhart is hit by David Pastrnak and loses puck.
11:34 of 2nd period - Shot by Jeff Skinner.
11:34 of 2nd period - Shot Misses the Net.
11:36 of 2nd period - Shot by Oliver Ekman-Larsson.
11:36 of 2nd period - Shot Misses the Net.
11:38 of 2nd period - Shot by Jeff Skinner.
11:38 of 2nd period - Stopped by Andrei Vasilevskiy with a rebound.
11:40 of 2nd period - Shot by Tyson Barrie.
11:40 of 2nd period - Shot Misses the Net.
11:42 of 2nd period - Shot by Jake DeBrusk.
11:42 of 2nd period - Shot Blocked by Jonas Siegenthaler.
11:44 of 2nd period - Shot by David Pastrnak.
11:44 of 2nd period - Stopped by Andrei Vasilevskiy without a rebound.
11:45 of 2nd period - Nick Foligno wins face-off versus Frederick Gaudreau in ARIZONA Coyotes zone.
11:46 of 2nd period - Shot by Jordan Eberle.
11:46 of 2nd period - Shot Misses the Net.
11:48 of 2nd period - Shot by Nick Foligno.
11:48 of 2nd period - Deflect By Jordan Eberle.
11:48 of 2nd period - Stopped by Andrei Vasilevskiy without a rebound.
11:49 of 2nd period - Mark Scheifele wins face-off versus Nick Foligno in ARIZONA Coyotes zone.
11:59 of 2nd period - Vladislav Gavrikov is hit by Nick Foligno and loses puck.
12:23 of 2nd period - Minor Penalty to Nick Foligno for Tripping.
12:24 of 2nd period - Jeff Skinner wins face-off versus Auston Matthews in COLORADO Avalanche zone.
12:35 of 2nd period - Shot by Auston Matthews.
12:35 of 2nd period - Stopped by Jonathan Quick without a rebound.
12:36 of 2nd period - Sam Reinhart wins face-off versus Jeff Skinner in COLORADO Avalanche zone.
12:55 of 2nd period - Jake DeBrusk is hit by Ryan Hartman and loses puck.
13:37 of 2nd period - Shot by Mark Scheifele.
13:37 of 2nd period - Shot Misses the Net.
13:39 of 2nd period - Shot by Auston Matthews.
13:39 of 2nd period - Shot Blocked by Tyson Barrie.
13:41 of 2nd period - Shot by Scott Mayfield.
13:41 of 2nd period - Stopped by Jonathan Quick without a rebound.
13:42 of 2nd period - Auston Matthews wins face-off versus Jeff Skinner in COLORADO Avalanche zone.
13:52 of 2nd period - Icing by Artemi Panarin.
13:53 of 2nd period - Jeff Skinner wins face-off versus Auston Matthews in ARIZONA Coyotes zone.
13:54 of 2nd period - Shot by Jake DeBrusk.
13:54 of 2nd period - Stopped by Andrei Vasilevskiy without a rebound.
13:55 of 2nd period - Jeff Skinner wins face-off versus Artemi Panarin in ARIZONA Coyotes zone.
13:58 of 2nd period - Shot by Jake DeBrusk.
13:58 of 2nd period - Shot Misses the Net.
14:29 of 2nd period - Shot by Frederick Gaudreau.
14:29 of 2nd period - Shot Hit the Post.
14:31 of 2nd period - Shot by Frederick Gaudreau.
14:31 of 2nd period - Deflect By Ryan Hartman.
14:31 of 2nd period - Shot Misses the Net.
14:38 of 2nd period - Minor Penalty to Tyson Barrie for Tripping.
14:39 of 2nd period - Ryan Hartman wins face-off versus Jeff Skinner in COLORADO Avalanche zone.
14:40 of 2nd period - Shot by Roman Josi.
14:40 of 2nd period - Shot Blocked by Oliver Ekman-Larsson.
14:42 of 2nd period - Shot by Rickard Rakell.
14:42 of 2nd period - Stopped by Jonathan Quick without a rebound.
14:43 of 2nd period - Auston Matthews wins face-off versus Jeff Skinner in COLORADO Avalanche zone.
14:44 of 2nd period - Shot by Roman Josi.
14:44 of 2nd period - Stopped by Jonathan Quick without a rebound.
14:45 of 2nd period - Jeff Skinner wins face-off versus Auston Matthews in COLORADO Avalanche zone.
14:45 of 2nd period - Jeff Skinner is hit by Artemi Panarin.
15:53 of 2nd period - Shot by Scott Mayfield.
15:53 of 2nd period - Shot Misses the Net.
16:39 of 2nd period - Tyson Barrie is hit by Morgan Frost and loses puck.
16:45 of 2nd period - Minor Penalty to Pierre-Edouard Bellemare for Tripping.
16:46 of 2nd period - Brandon Sutter wins face-off versus Trevor Zegras in ARIZONA Coyotes zone.
16:48 of 2nd period - Alec Martinez is hit by Jason Zucker and loses puck.
17:52 of 2nd period - Icing by Jake DeBrusk.
17:53 of 2nd period - Frederick Gaudreau wins face-off versus Jeff Skinner in COLORADO Avalanche zone.
18:02 of 2nd period - Shot by Jake DeBrusk.
18:02 of 2nd period - Goal by Jake DeBrusk - COLORADO Avalanche : 2 - ARIZONA Coyotes : 2.
18:03 of 2nd period - Auston Matthews wins face-off versus Craig Smith in neutral zone.
18:24 of 2nd period - Sam Reinhart is hit by Craig Smith.
18:44 of 2nd period - Shot by Vladislav Gavrikov.
18:44 of 2nd period - Stopped by Jonathan Quick without a rebound.
18:45 of 2nd period - Trevor Zegras wins face-off versus Mark Scheifele in COLORADO Avalanche zone.
19:03 of 2nd period - Shot by Ryan Nugent-Hopkins.
19:03 of 2nd period - Shot Misses the Net.
19:05 of 2nd period - Shot by Ryan Nugent-Hopkins.
19:05 of 2nd period - Stopped by Jonathan Quick without a rebound.
19:05 of 2nd period - Minor Penalty to Zach Bogosian for Interference.
19:06 of 2nd period - Auston Matthews wins face-off versus Jeff Skinner in COLORADO Avalanche zone.
19:11 of 2nd period - Shot by Mark Scheifele.
19:11 of 2nd period - Goal by Mark Scheifele - COLORADO Avalanche : 2 - ARIZONA Coyotes : 3.
19:12 of 2nd period - Jeff Skinner wins face-off versus Michael Bunting in neutral zone.
19:31 of 2nd period - Shot by Jeff Skinner.
19:31 of 2nd period - Stopped by Andrei Vasilevskiy without a rebound.
19:32 of 2nd period - Trevor Zegras wins face-off versus Auston Matthews in ARIZONA Coyotes zone.
19:40 of 2nd period - Jason Zucker is hit by Roman Josi and loses puck.
19:41 of 2nd period - Minor Penalty to Roman Josi for Roughing.
19:42 of 2nd period - Brandon Sutter wins face-off versus Jeff Skinner in ARIZONA Coyotes zone.
Goals for this period are 1 for COLORADO Avalanche vs 1 for ARIZONA Coyotes.
Shots for this period are 12 for COLORADO Avalanche vs 8 for ARIZONA Coyotes.

3rd period


0:01 of 3rd period - Brandon Sutter wins face-off versus Jeff Skinner in neutral zone.
0:04 of 3rd period - Shot by Ryan Nugent-Hopkins.
0:04 of 3rd period - Shot Misses the Net.
0:44 of 3rd period - Shot by David Pastrnak.
0:44 of 3rd period - Stopped by Andrei Vasilevskiy without a rebound.
0:45 of 3rd period - Brandon Sutter wins face-off versus Trevor Zegras in ARIZONA Coyotes zone.
0:45 of 3rd period - Brandon Sutter is hit by Jason Zucker.
0:57 of 3rd period - Shot by Jeff Skinner.
0:57 of 3rd period - Stopped by Andrei Vasilevskiy with a rebound.
1:09 of 3rd period - Shot by Jason Zucker.
1:09 of 3rd period - Shot Misses the Net.
2:06 of 3rd period - Roman Josi is hit by Nick Foligno and loses puck.
2:17 of 3rd period - Shot by Jordan Eberle.
2:17 of 3rd period - Shot Misses the Net.
3:08 of 3rd period - Shot by Trevor Zegras.
3:08 of 3rd period - Shot Misses the Net.
3:10 of 3rd period - Shot by Tyson Barrie.
3:10 of 3rd period - Stopped by Andrei Vasilevskiy without a rebound.
3:11 of 3rd period - Mark Scheifele wins face-off versus Craig Smith in ARIZONA Coyotes zone.
3:17 of 3rd period - Nick Foligno is hit by Alec Martinez and loses puck.
3:24 of 3rd period - Shot by Rickard Rakell.
3:24 of 3rd period - Stopped by Jonathan Quick with a rebound.
3:26 of 3rd period - Shot by Alec Martinez.
3:26 of 3rd period - Stopped by Jonathan Quick without a rebound.
3:27 of 3rd period - Auston Matthews wins face-off versus Jeff Skinner in COLORADO Avalanche zone.
3:37 of 3rd period - Icing by Jake DeBrusk.
3:38 of 3rd period - Mark Scheifele wins face-off versus Jake DeBrusk in COLORADO Avalanche zone.
3:38 of 3rd period - Roman Josi is hit by Oliver Ekman-Larsson.
3:42 of 3rd period - Shot by Rickard Rakell.
3:42 of 3rd period - Shot Misses the Net.
3:48 of 3rd period - Shot by Mark Scheifele.
3:48 of 3rd period - Shot Misses the Net.
3:50 of 3rd period - Shot by Mark Scheifele.
3:50 of 3rd period - Stopped by Jonathan Quick without a rebound.
3:51 of 3rd period - Nick Foligno wins face-off versus Auston Matthews in COLORADO Avalanche zone.
4:00 of 3rd period - Alex Iafallo is hit by Artemi Panarin.
4:43 of 3rd period - Trevor Zegras is hit by Alec Martinez and loses puck.
4:55 of 3rd period - Oliver Ekman-Larsson is hit by Alec Martinez and loses puck.
5:42 of 3rd period - Shot by Jake DeBrusk.
5:42 of 3rd period - Stopped by Andrei Vasilevskiy with a rebound.
5:44 of 3rd period - Shot by Jeff Skinner.
5:44 of 3rd period - Shot Blocked by Ryan Nugent-Hopkins.
5:46 of 3rd period - Shot by Jake DeBrusk.
5:46 of 3rd period - Shot Misses the Net.
5:50 of 3rd period - Shot by David Pastrnak.
5:50 of 3rd period - Shot Misses the Net.
5:52 of 3rd period - Shot by Jake DeBrusk.
5:52 of 3rd period - Shot Blocked by Vladislav Gavrikov.
5:54 of 3rd period - Shot by Jake DeBrusk.
5:54 of 3rd period - Shot Misses the Net.
5:56 of 3rd period - Shot by Jake DeBrusk.
5:56 of 3rd period - Goal by Jake DeBrusk - COLORADO Avalanche : 3 - ARIZONA Coyotes : 3.
5:57 of 3rd period - Frederick Gaudreau wins face-off versus Nick Foligno in neutral zone.
6:02 of 3rd period - Shot by Frederick Gaudreau.
6:02 of 3rd period - Shot Blocked by Alex Iafallo.
6:26 of 3rd period - Shot by Jordan Eberle.
6:26 of 3rd period - Stopped by Andrei Vasilevskiy without a rebound.
6:27 of 3rd period - Jeff Skinner wins face-off versus Brandon Sutter in ARIZONA Coyotes zone.
6:56 of 3rd period - Icing by Roman Josi.
6:57 of 3rd period - Brandon Sutter wins face-off versus Trevor Zegras in ARIZONA Coyotes zone.
7:20 of 3rd period - Shot by Oliver Ekman-Larsson.
7:20 of 3rd period - Deflect By Jason Zucker.
7:20 of 3rd period - Shot Misses the Net.
7:22 of 3rd period - Shot by Tyson Barrie.
7:22 of 3rd period - Shot Misses the Net.
7:24 of 3rd period - Shot by Tyson Barrie.
7:24 of 3rd period - Shot Misses the Net.
7:26 of 3rd period - Shot by Trevor Zegras.
7:26 of 3rd period - Shot Misses the Net.
7:28 of 3rd period - Shot by Tyson Barrie.
7:28 of 3rd period - Stopped by Andrei Vasilevskiy without a rebound.
7:29 of 3rd period - Auston Matthews wins face-off versus Jeff Skinner in ARIZONA Coyotes zone.
7:33 of 3rd period - Artemi Panarin is hit by Mark Pysyk and loses puck.
8:30 of 3rd period - Icing by Mikey Anderson.
8:31 of 3rd period - Mark Scheifele wins face-off versus Trevor Zegras in ARIZONA Coyotes zone.
8:47 of 3rd period - Off-side.
8:48 of 3rd period - Frederick Gaudreau wins face-off versus Nick Foligno in neutral zone.
8:48 of 3rd period - Frederick Gaudreau is hit by Nick Foligno.
9:02 of 3rd period - Shot by Frederick Gaudreau.
9:02 of 3rd period - Stopped by Jonathan Quick with a rebound.
9:08 of 3rd period - Nick Foligno is hit by Ryan Hartman and loses puck.
9:26 of 3rd period - Icing by Jordie Benn.
9:27 of 3rd period - Auston Matthews wins face-off versus Nick Foligno in COLORADO Avalanche zone.
9:38 of 3rd period - Jordan Eberle is hit by Artemi Panarin and loses puck.
9:44 of 3rd period - Icing by Jordie Benn.
9:45 of 3rd period - Nick Foligno wins face-off versus Mark Scheifele in COLORADO Avalanche zone.
9:57 of 3rd period - Off-side.
9:58 of 3rd period - Auston Matthews wins face-off versus Jeff Skinner in neutral zone.
9:58 of 3rd period - Roman Josi is hit by Jeff Skinner and loses puck.
10:04 of 3rd period - Jake DeBrusk is hit by Vladislav Gavrikov.
10:53 of 3rd period - Icing by Auston Matthews.
10:54 of 3rd period - Auston Matthews wins face-off versus Trevor Zegras in ARIZONA Coyotes zone.
11:07 of 3rd period - Shot by Trevor Zegras.
11:07 of 3rd period - Shot Blocked by Jonas Siegenthaler.
11:21 of 3rd period - Shot by Mark Scheifele.
11:21 of 3rd period - Goal by Mark Scheifele - COLORADO Avalanche : 3 - ARIZONA Coyotes : 4.
11:22 of 3rd period - Frederick Gaudreau wins face-off versus Craig Smith in neutral zone.
11:22 of 3rd period - Michael Bunting is hit by Nick Foligno and loses puck.
11:23 of 3rd period - Minor Penalty to Nick Foligno for Slashing.
11:24 of 3rd period - Sam Reinhart wins face-off versus Jake DeBrusk in COLORADO Avalanche zone.
11:43 of 3rd period - Shot by Roman Josi.
11:43 of 3rd period - Shot Misses the Net.
11:57 of 3rd period - Shot by Ryan Nugent-Hopkins.
11:57 of 3rd period - Shot Misses the Net.
12:40 of 3rd period - Shot by Mark Scheifele.
12:40 of 3rd period - Stopped by Jonathan Quick without a rebound.
12:41 of 3rd period - Jeff Skinner wins face-off versus Auston Matthews in COLORADO Avalanche zone.
12:41 of 3rd period - Jeff Skinner is hit by Auston Matthews.
13:33 of 3rd period - Shot by Nick Foligno.
13:33 of 3rd period - Shot Misses the Net.
13:37 of 3rd period - Shot by Nick Foligno.
13:37 of 3rd period - Stopped by Andrei Vasilevskiy without a rebound.
13:38 of 3rd period - Jeff Skinner wins face-off versus Brandon Sutter in ARIZONA Coyotes zone.
13:42 of 3rd period - David Pastrnak is hit by Alec Martinez and loses puck.
13:54 of 3rd period - Jeff Skinner is hit by Alec Martinez and loses puck.
13:57 of 3rd period - Shot by David Pastrnak.
13:57 of 3rd period - Stopped by Andrei Vasilevskiy without a rebound.
13:58 of 3rd period - Mark Scheifele wins face-off versus Craig Smith in ARIZONA Coyotes zone.
14:18 of 3rd period - Icing by Jordie Benn.
14:19 of 3rd period - Auston Matthews wins face-off versus Craig Smith in COLORADO Avalanche zone.
14:20 of 3rd period - Shot by Sam Reinhart.
14:20 of 3rd period - Stopped by Jonathan Quick without a rebound.
14:21 of 3rd period - Auston Matthews wins face-off versus Jeff Skinner in COLORADO Avalanche zone.
14:38 of 3rd period - Shot by Sam Reinhart.
14:38 of 3rd period - Stopped by Jonathan Quick without a rebound.
14:39 of 3rd period - Mark Scheifele wins face-off versus Jason Zucker in COLORADO Avalanche zone.
15:45 of 3rd period - Shot by Auston Matthews.
15:45 of 3rd period - Stopped by Jonathan Quick without a rebound.
15:46 of 3rd period - Jeff Skinner wins face-off versus Frederick Gaudreau in COLORADO Avalanche zone.
16:05 of 3rd period - Shot by Mikey Anderson.
16:05 of 3rd period - Shot Misses the Net.
16:19 of 3rd period - Michael Bunting is hit by Jeff Skinner.
16:23 of 3rd period - Shot by Ryan Hartman.
16:23 of 3rd period - Stopped by Jonathan Quick without a rebound.
16:24 of 3rd period - Auston Matthews wins face-off versus Nick Foligno in COLORADO Avalanche zone.
16:49 of 3rd period - Shot by Jordan Eberle.
16:49 of 3rd period - Shot Misses the Net.
17:20 of 3rd period - Jonas Siegenthaler is hit by Jordie Benn and loses puck.
17:30 of 3rd period - Nick Foligno is hit by Jonas Siegenthaler.
17:52 of 3rd period - Jake DeBrusk is hit by Jonas Siegenthaler.
18:01 of 3rd period - Icing by Rickard Rakell.
18:02 of 3rd period - Mark Scheifele wins face-off versus Trevor Zegras in ARIZONA Coyotes zone.
18:06 of 3rd period - Ryan Nugent-Hopkins is hit by Jason Zucker and loses puck.
18:23 of 3rd period - Zach Bogosian is hit by Ryan Nugent-Hopkins and loses puck.
19:06 of 3rd period - COLORADO Avalanche, Jonathan Quick is pulled from the net.
19:10 of 3rd period - Shot by David Pastrnak.
19:10 of 3rd period - Shot Blocked by Roman Josi.
19:16 of 3rd period - Shot by David Pastrnak.
19:16 of 3rd period - Shot Blocked by Roman Josi.
19:22 of 3rd period - Shot by David Pastrnak.
19:22 of 3rd period - Shot Misses the Net.
19:24 of 3rd period - Shot by Jake DeBrusk.
19:24 of 3rd period - Shot Misses the Net.
19:45 of 3rd period - Icing by Vladislav Gavrikov.
19:46 of 3rd period - Jeff Skinner wins face-off versus Auston Matthews in ARIZONA Coyotes zone.
19:46 of 3rd period - Oliver Ekman-Larsson is hit by Vladislav Gavrikov and loses puck.
19:49 of 3rd period - Shot by Oliver Ekman-Larsson.
19:49 of 3rd period - Shot Blocked by Roman Josi.
Goals for this period are 1 for COLORADO Avalanche vs 1 for ARIZONA Coyotes.
Shots for this period are 9 for COLORADO Avalanche vs 10 for ARIZONA Coyotes. Output by the SimonT Hockey Simulator (STHS) for Martin Benoit - Original Page W3C HTML5 Valid
Hockey Simulator - Hockey Simulation - Hockey Manager